 Dungeon Crawl Stone Soup version 0.18.1-50-g88ac8fd (webtiles) character file.

63 realxtahuadcom the Ducker (level 3, 0/16 HPs)
             Began as a Spriggan Conjurer on Sept 29, 2016.
             Was a Follower of Makhleb.
             Succumbed to a worker ant's poison
             ... on level 3 of the Dungeon.
             The game lasted 00:30:05 (2540 turns).

realxtahuadcom the Ducker (Spriggan Conjurer)       Turns: 2540, Time: 00:30:06

Health: 0/16       AC:  3    Str:  4    XL:     3   Next: 87%
Magic:  0/9        EV: 19    Int: 17    God:    Makhleb [*.....]
Gold:   119        SH:  0    Dex: 16    Spells: 2 memorised, 6 levels left

rFire  . . .     SeeInvis +     (weapon restricted)
rCold  . . .     Gourm    .     a - +1 robe
rNeg   . . .     Faith    .     (shield restricted)
rPois  .         Spirit   .     (helmet restricted)
rElec  .         Dismiss  .     (no cloak)
rCorr  .         Reflect  .     (gloves unavailable)
SustAt .         Harm     .     (boots unavailable)
MR     .....                    (no amulet)
Stlth  +++.......               (no ring)
                                (no ring)

@: lethally poisoned (0 -> -7), very quick, not resistant to hostile
enchantments, fairly stealthy
A: unfitting armour, see invisible, herbivore 3, speed 3, slow metabolism 2
a: Renounce Religion


You were on level 3 of the Dungeon.
You worshipped Makhleb.
Makhleb was aware of your devotion.
You were very full.

You visited 1 branch of the dungeon, and saw 3 of its levels.

You collected 119 gold pieces.

Inventory:

Armour
 a - a +1 robe (worn)
 h - a +0 pair of gloves
Scrolls
 d - 5 scrolls of identify
 g - a scroll of enchant weapon {unknown}
 l - a scroll of remove curse
 m - a scroll of enchant armour
 n - a scroll of fog {unknown}
 o - a scroll of immolation {unknown}
Potions
 e - 2 potions of might {unknown}
 f - a potion of magic {unknown}
 i - a potion of heal wounds {unknown}
 j - a potion of degeneration {unknown}
 k - a potion of berserk rage {unknown}
 p - 2 potions of curing {unknown}
Books
 b - a book of Conjurations

   Spells                             Type                      Level
   a - Magic Dart                     Conjuration                  1
   b - Searing Ray                    Conjuration                  2
   c - Dazzling Spray                 Conjuration/Hexes            3
   d - Fulminant Prism                Conjuration/Hexes            4
   e - Iskenderun's Mystic Blast      Conjuration                  4
   f - Iskenderun's Battlesphere      Conjuration/Charms           5
Comestibles
 c - 2 bread rations


   Skills:
 + Level 3.6 Dodging
 + Level 3.4 Stealth
 + Level 0.2 Unarmed Combat
 + Level 3.6 Spellcasting
 + Level 3.4 Conjurations


You had 6 spell levels left.
You knew the following spells:

 Your Spells              Type           Power        Failure   Level  Hunger
a - Magic Dart            Conj           ##..         4%          1    None
b - Searing Ray           Conj           ##....       10%         2    ##.....


Dungeon Overview and Level Annotations

Branches:
Dungeon (3/15)

Altars:
Makhleb

Annotations:
D:1 ?


Innate Abilities, Weirdness & Mutations

You are tiny and cannot use many weapons and most armour.
You have supernaturally acute eyesight.
You are a herbivore.
You cover ground extremely quickly.
You need consume almost no food.


Message History

The worker ant bites you but does no damage.
You closely miss the worker ant.
The worker ant is almost dead.
The worker ant misses you.
Casting: Magic Dart
Confirm with . or Enter, or press ? or * to list all spells.
Aiming: Magic Dart
Press: ? - help, Shift-Dir - straight line, f/p - worker ant
Aim: a worker ant (almost dead)
The magic dart hits the worker ant.
The worker ant is almost dead.
The worker ant bites you.
You are lethally poisoned!
The worker ant poisons you! The worker ant bites you.
* * * LOW HITPOINT WARNING * * *
* * * LOW HITPOINT WARNING * * *
You feel sick.
* * * LOW HITPOINT WARNING * * *
You feel sick.
You die...

#.......# ###
#.#######################
#.............##........#
#.............##........#
#.............##........#
#.............''........#
##............##.....†..#
#............##........#
#.....a..@...########'##
#............#
######'####
#............#
#..........
#............#
#..........
##############
#.......... #..........
#.......... #..........
#..........


You could see a worker ant.

Vanquished Creatures
  An adder (D:1)
  A worm (D:2)
  A dart slug (D:1)
  3 giant geckos
  3 giant cockroaches
  6 goblins
  4 hobgoblins
  5 kobolds
  2 quokkas
  5 bats
  4 giant newts
  9 rats
44 creatures vanquished.

Notes
Turn   | Place    | Note
--------------------------------------------------------------
     0 | D:1      | realxtahuadcom the Spriggan Conjurer began the quest for the Orb.
     0 | D:1      | Reached XP level 1. HP: 9/9 MP: 5/5
   500 | D:1      | Reached XP level 2. HP: 7/13 MP: 0/6
   898 | D:1      | Reached XP level 3. HP: 16/16 MP: 0/8
  1362 | D:2      | Found a burning altar of Makhleb.
  1374 | D:2      | Became a worshipper of Makhleb the Destroyer
  2129 | D:2      | Learned a level 2 spell: Searing Ray
  2322 | D:3      | Reached * piety under Makhleb
  2540 | D:3      | Succumbed to a worker ant's poison

Skill      XL: |  1  2 |
---------------+-------+-----
Conjurations   | 3 |  3.4
Spellcasting   | 3 |  3.6
Dodging        | |  3.6
Stealth        | |  3.4
Unarmed Combat | |  0.2

Action                   || total
-------------------------++-------
Melee: Unarmed           ||    72
 Cast: Magic Dart        ||   111
       Searing Ray       ||     6
  Use: Scroll            ||     3
  Eat: Bread ration      ||     1
Armor: Robe              ||     9
Dodge: Dodged            ||    80
